 Dungeon Crawl Stone Soup version 0.26-a0-648-g87339cca5e (webtiles) character file.

Game seed: 4023377809203064719

1 Colgate the Sneak (level 1, 9/9 HPs)
             Began as a Spriggan Conjurer on Sept 25, 2020.
             Quit the game on level 1 of the Dungeon.
             The game lasted 00:02:02 (114 turns).

Colgate the Sneak (Spriggan Conjurer)                Turns: 114, Time: 00:02:02

Health: 9/9        AC:  2    Str:  3    XL:     1   Next: 16%
Magic:  5/5        EV: 18    Int: 19    God:
Gold:   28         SH:  0    Dex: 14    Spells: 4/5 levels left

rFire    . . .     SeeInvis +   (weapon restricted)
rCold    . . .     Faith    .   (shield restricted)
rNeg     . . .     Spirit   .   a - +0 robe
rPois    .         Reflect  .   (helmet restricted)
rElec    .         Harm     .   (no cloak)
rCorr    .         Rampage  .   (gloves unavailable)
MR       .....     Rnd*Tele +   (boots unavailable)
Stlth    ++........             (no amulet)
HPRegen  0.03/turn              d - ring of teleportation (curse)
MPRegen  0.09/turn              (no ring)

@: very quick
A: very small, unfitting armour, see invisible, speed 3
a: no special abilities


You were on level 1 of the Dungeon.
You visited 1 branch of the dungeon, and saw 1 of its levels.

You collected 28 gold pieces.

Inventory:

Missiles
 c - 16 stones (quivered)
Armour
 a - a +0 robe (worn)
Jewellery
 d - a cursed ring of teleportation (left hand)
Potions
 b - a potion of lignification {unknown}


   Skills:
 - Level 3.0 Dodging
 - Level 3.0 Stealth
 - Level 2.6 Spellcasting
 + Level 3.0 Conjurations


You had 4 spell levels left.
You knew the following spells:

 Your Spells              Type           Power        Failure   Level
a - Magic Dart            Conj           ##..         4%          1

Your spell library contained the following spells:

 Spells                   Type           Power        Failure   Level
 Searing Ray              Conj           ##....       7%          2
 Dazzling Flash           Conj/Hex       #.....       26%         3
 Fulminant Prism          Conj/Hex       #.........   63%         4
 Iskenderun's Mystic Bla  Conj/Tloc      #.......     63%         4


Dungeon Overview and Level Annotations

Branches:
Dungeon (1/15)

Altars:


Innate Abilities, Weirdness & Mutations

You are very small and have problems with some larger weapons.
You are too small for most types of armour.
You have supernaturally acute eyesight. (SInv)
You cover ground extremely quickly.


Message History

Confirm with . or Enter, or press ? or * to list all spells.
Aiming: Magic Dart (safe; 4% risk of failure)
Press: ? - help, Shift-Dir - straight line, f/p - giant cockroach
Aim: a giant cockroach (severely wounded)
The magic dart hits the giant cockroach.
You kill the giant cockroach!
Your Conjurations skill increases to level 3!
Magic restored.
Found 16 stones.
You see here 16 stones.
c - 16 stones
Found a stone staircase leading down.
You now have 28 gold pieces (gained 13).
Found a pair of glowing gloves.
You see here a pair of glowing gloves.
d - a gilded ring Unknown command.
You feel slightly jumpy.
Oops, that ring feels deathly cold.
d - a cursed ring of teleportation (left hand) Are you sure you want to abandon this character and quit the game? (Confirm with "yes".)

####### ########
.#....## #.....@#
.[...>.# #.####.#
##.##..## #.#
#.##...# #.#
#.##.#.###.####.#
#.##...†##......#
#.###.#.######..#
#.# #.#.# #..#
#.# #.#.# #..#


There were no monsters in sight!

Vanquished Creatures
  A giant cockroach (D:1)
1 creature vanquished.

Notes
Turn   | Place    | Note
-------+----------+-------------------------------------------
     0 | D:1      | Colgate the Spriggan Conjurer began the quest for the Orb.
     0 | D:1      | Reached XP level 1. HP: 9/9 MP: 5/5
   114 | D:1      | Quit the game

Illustrated notes

Levels and vault maps discovered:
D:1:      tarquinn_simple_flora_water_a, layout_basic

Skill      XL: |  1 |
---------------+----+-----
Conjurations   | 3 |  3.0
Dodging        | |  3.0
Stealth        | |  3.0
Spellcasting   | |  2.6

Action                   || total
-------------------------++-------
 Cast: Magic Dart        ||     2

Table legend: (Time is in decaauts)
 A = Elapsed time spent in this place.
 B = Non-inter-level travel time spent in this place.
 C = Inter-level travel time spent in this place.
 D = Time resting spent in this place.
 E = Time spent auto-exploring this place.
 F = Levels seen in this place.
 G = Mean time per level.
                   A        B        C        D        E       F      G
               +--------+--------+--------+--------+--------+-----+--------+
         Total |     79 |     79 |      0 |      0 |     70 |   1 |   79.0 |
       Dungeon |     79 |     79 |      0 |      0 |     70 |   1 |   79.0 |
               +--------+--------+--------+--------+--------+-----+--------+

Top non-repeatable levels by time:
     D:1: 79 daAuts
